 Dungeon Crawl Stone Soup version 0.24.0-37-gcf1ca852f1 (webtiles) character file.

Game seed: 8397168238733107725, levelgen mode: deterministic

14678 lepoulpe303 the Spear-Bearer (level 12, -3/101 HPs)
             Began as a Merfolk Fighter on Nov 28, 2019.
             Was a High Priest of Zin.
             Slain by a blink frog (9 damage)
             ... on level 1 of the Lair of Beasts on Nov 29, 2019.
             The game lasted 00:52:21 (12748 turns).

lepoulpe303 the Spear-Bearer (Merfolk Fighter)     Turns: 12748, Time: 00:52:21

Health: -3/101     AC: 20    Str: 21    XL:     12   Next: 19%
Magic:  18/18      EV: 12    Int:  8    God:    Zin [*****.]
Gold:   335        SH:  3    Dex: 13    Spells: 11/11 levels left

rFire    x . .     SeeInvis .   a - +1 halberd (chop)
rCold    + . .     Gourm    .   (shield currently unavailable)
rNeg     . . .     Faith    .   v - +0 chain mail
rPois    .         Spirit   .   y - +0 helmet
rElec    .         Reflect  +   P - +0 cloak
rCorr    .         Harm     .   f - +1 pair of gloves
MR       .....                  L - +0 pair of boots
Stlth    ..........             H - +3 amulet of reflection
HPRegen  0.26/turn              A - ring of ice {rC+, rF-}
MPRegen  0.16/turn              l - +4 ring of protection

@: no status effects
A: change form in water, swift swim, stealthy swim
a: Recite, Vitalisation, Imprison, Sanctuary, Donate Gold, Renounce Religion


You were on level 1 of the Lair of Beasts.
You worshipped Zin.
Zin was extremely pleased with you.
You were not hungry.

You visited 3 branches of the dungeon, and saw 11 of its levels.

You collected 713 gold pieces.
You donated 378 gold pieces to Zin.

Inventory:

Hand Weapons
 a - a +1 halberd of chopping (weapon)
 b - a +0 trident
 I - a +0 lajatang
Missiles
 h - 6 poisoned darts (quivered)
 r - 8 boomerangs
 x - 4 throwing nets {=f}
 R - 8 curare-tipped darts
Armour
 f - a +1 pair of gloves (worn)
 v - a +0 chain mail (worn)
 y - a +0 helmet (worn)
 C - a +0 scale mail
 L - a +0 pair of boots (worn)
 P - a +0 cloak (worn)
Jewellery
 l - a +4 ring of protection (right hand)
 A - a ring of ice (left hand) {rC+, rF-}
 H - a +3 amulet of reflection (around neck)
 Q - an uncursed amulet of harm
Wands
 D - a wand of digging (3)
 M - a wand of enslavement (8)
Scrolls
 g - 3 scrolls of fear
 i - 2 scrolls of identify
 j - 2 scrolls of magic mapping {!r}
 k - a scroll of amnesia
 m - a scroll of immolation {unknown}
 t - 4 scrolls of teleportation
 w - 4 scrolls of remove curse
 F - a scroll of enchant armour {unknown}
 N - a scroll of holy word {unknown}
 O - a scroll of noise {unknown}
Potions
 d - a potion of might
 n - 2 potions of ambrosia
 p - 7 potions of haste {unknown}
 q - 2 potions of curing
 s - a potion of agility
 E - a potion of heal wounds {unknown}
 G - a potion of cancellation
 J - a potion of degeneration {unknown}
 K - a potion of brilliance {unknown}
Comestibles
 e - 9 rations


   Skills:
 * Level 11.7 Fighting
 * Level 14.3 Polearms
 + Level 6.0 Armour
 + Level 9.4 Dodging
   Level 3.0 Shields
 * Level 8.5 Invocations


You had 11 spell levels left.
You didn't know any spells.
Your spell library contained the following spells:

 Spells                   Type           Power        Failure   Level  Hunger
 Confusing Touch          Hex            #.....       98%         1    ##.....
 Magic Dart               Conj           #...         98%         1    ##.....
 Shock                    Conj/Air       #...         98%         1    ##.....
 Corpse Rot               Necr           N/A          99%         2    ###....
 Searing Ray              Conj           #.....       99%         2    ###....
 Sublimation of Blood     Necr           #.........   99%         2    ###....
 Swiftness                Chrm/Air       #.......     99%         2    ###....
 Confuse                  Hex            #.......     100%        3    ####...
 Dazzling Spray           Conj/Hex       #.....       100%        3    ####...
 Gell's Gravitas          Tloc           #.........   100%        3    ####...
 Static Discharge         Conj/Air       #.......     100%        3    ####...
 Airstrike                Air            #.........   100%        4    #####..
 Force Lance              Conj/Tloc      #.......     100%        4    #####..
 Fulminant Prism          Conj/Hex       #.........   100%        4    #####..
 Iskenderun's Mystic Bla  Conj           #.......     100%        4    #####..
 Petrify                  Tmut/Erth      #.......     100%        4    #####..
 Agony                    Necr           #.......     100%        5    ######.
 Bolt of Draining         Conj/Necr      #.........   100%        5    ######.
 Dispel Undead            Necr           #.......     100%        5    ######.
 Excruciating Wounds      Chrm/Necr      #.........   100%        5    ######.
 Lightning Bolt           Conj/Air       #.........   100%        5    ######.
 Metabolic Englaciation   Hex/Ice        #.........   100%        5    ######.
 Yara's Violent Unravell  Hex/Tmut       #.........   100%        5    ######.


Dungeon Overview and Level Annotations

Branches:
Dungeon (9/15)             Temple (1/1) D:4            Lair (1/6) D:9
    Orc: D:9-12

Altars:
Ashenzari
Cheibriados
Dithmenos
Elyvilon
Fedhas
Gozag
Hepliaklqana
Kikubaaqudgha
Makhleb
Nemelex Xobeh
Okawaru
Qazlal
Ru
Sif Muna
Trog
Uskayaw
Vehumet
Wu Jian
Xom
Yredelemnul
Zin
The Shining One


Message History

It was a potion of agility.
You feel agile all of a sudden.
s - a potion of agility;
j - 2 scrolls of magic mapping {!r} The blink frog barely misses you.
The porcupine closely misses you. The blink frog closely misses you.
The blink frog hits you but does no damage.
The blink frog blinks!
The blink frog completely misses you. The porcupine barely misses you.
It was a potion of cancellation.
Your magical effects are unravelling.
You feel magically purged.
You feel a little less agile now.
The blink frog hits you but does no damage.
The blink frog hits you. Zin protects you from harm!
The blink frog closely misses you.
The porcupine bites you but does no damage.
The blink frog hits you but does no damage.
The blink frog hits you!
You die...

#...# # ### #######..#### ###.#
#########.......###P# ....#
####.##.................
....######...#...####........##.[
....##.##....#...# #P.......###..
.P#....###......####.......P#####
..............F###.#.......(....#
.......###.#...F@F..........#.###
.......#####.(.r#F#.##...FF##.##.
.#####....##....§........####.##.
.# #....##.....§...............
.# #....##.##..........#.#...##
.# #.......###....###........# .#
##.......# ##...# ##........
.####........###..#.# #.........
.##...........#...### #SF....>..


You could see 4 blink frogs and a porcupine.

Levels and vault maps discovered:
D:1:      dpeg_arrival_erosion, layout_rooms
D:2:      layout_loops_ring, first_ration
D:3:      layout_basic, xom_teletrap_fun
D:4:      layout_loops_ring, lemuel_coloured_pillars_altar,
          minmay_temple_entry_statues_fountains
D:5:      lemuel_castle_with_subvaults [lemuel_castle_interior_original],
          layout_rooms, grunt_temple_overflow_open
D:6:      layout_basic
D:7:      layout_loops_cross, uniq_harold
D:8:      layout_loops_ring
D:9:      minmay_the_grid_3x3 [minmay_the_grid_broken_lines,
          minmay_the_grid_large_cup, minmay_the_grid_square_x,
          minmay_the_grid_garden, minmay_the_grid_aliased_spiral,
          minmay_the_grid_tiny_cups, minmay_the_grid_eight,
          minmay_the_grid_mess, minmay_the_grid_prize_four_corners],
          layout_loops_ring, grunt_temple_overflow_growth_and_decay,
          okawaru_ov_weapons_minmay, gammafunk_ghost_nasty_kobolds,
          david_nohive_1, fedhas_altar_3
Temple:   compressed_dpeg_circular_temple
Lair:1:   layout_misc_corridors, uniq_gastronok

Notes
Turn   | Place    | Note
-------+----------+-------------------------------------------
     0 | D:1      | lepoulpe303 the Merfolk Fighter began the quest for the
                  | Orb.
     0 | D:1      | Reached XP level 1. HP: 18/18 MP: 1/1
    14 | D:1      | Identified a +1 pair of gloves (You found it on level 1 of
                  | the Dungeon)
    79 | D:1      | Reached XP level 2. HP: 24/24 MP: 2/2
   159 | D:1      | Identified a +0 short sword
   162 | D:1      | Reached skill level 1 in Dodging
   224 | D:1      | Identified a +0 club
   224 | D:1      | Identified a +0 dagger
   225 | D:1      | Identified a +2 dagger of draining
   277 | D:1      | Identified a cursed -1 club
   280 | D:1      | Identified a +0 dagger
   282 | D:1      | Reached XP level 3. HP: 30/30 MP: 3/3
   415 | D:2      | Identified a cursed -3 club
   455 | D:2      | Identified a +0 club
   464 | D:2      | Reached skill level 4 in Polearms
   504 | D:2      | Identified a +0 club
   539 | D:2      | Identified a +0 hand axe
   545 | D:2      | Reached skill level 4 in Fighting
   769 | D:2      | Identified a +0 club
   832 | D:2      | Reached XP level 4. HP: 30/37 MP: 4/4
  1465 | D:3      | Found a shimmering altar of Xom.
  1811 | D:4      | Identified a cursed +0 whip
  1840 | D:4      | Reached skill level 2 in Dodging
  1920 | D:4      | Identified a +0 short sword
  1920 | D:4      | Identified a +0 chain mail
  1920 | D:4      | Identified a +0 morningstar
  1920 | D:4      | Identified a +0 ring mail
  1956 | D:4      | Identified a +0 helmet (You found it on level 4 of the
                  | Dungeon)
  2015 | D:4      | Identified a +0 flail
  2026 | D:4      | Identified a ring of ice (You found it on level 4 of the
                  | Dungeon)
  2027 | D:4      | Identified a ring of magical power (You found it on level 4
                  | of the Dungeon)
  2170 | D:4      | Reached XP level 5. HP: 43/43 MP: 5/5
  2171 | D:4      | Identified 4 scrolls of identify
  2171 | D:4      | Identified 3 scrolls of fear
  2172 | D:4      | Identified 3 scrolls of teleportation
  2173 | D:4      | Identified 2 scrolls of magic mapping
  2174 | D:4      | Identified a scroll of amnesia
  2175 | D:4      | Identified a scroll of blinking
  2176 | D:4      | Identified a scroll of random uselessness
  2177 | D:4      | Identified a scroll of remove curse
  2186 | D:4      | Found a staircase to the Ecumenical Temple.
  2194 | Temple   | Entered the Ecumenical Temple
  2291 | Temple   | Became a worshipper of Zin the Law-Giver
  2291 | Temple   | Reached * piety under Zin
  2318 | D:4      | Identified a +0 giant spiked club
  2318 | D:4      | Noticed an ogre
  2482 | D:4      | Killed an ogre
  2482 | D:4      | Reached skill level 5 in Polearms
  2704 | D:4      | Found a hazy altar of Hepliaklqana.
  2710 | D:4      | Identified a ring of protection (You found it on level 4 of
                  | the Dungeon)
  2752 | D:4      | Reached skill level 5 in Fighting
  2752 | D:4      | Reached XP level 6. HP: 51/51 MP: 6/6
  3066 | D:5      | Entered Level 5 of the Dungeon
  3090 | D:5      | Reached skill level 3 in Dodging
  3293 | D:5      | Noticed an ice beast
  3416 | D:4      | Killed an ice beast
  3416 | D:4      | Reached skill level 6 in Polearms
  3416 | D:4      | Reached skill level 3 in Armour
  3473 | D:5      | Identified a +0 shortbow
  3495 | D:5      | Reached XP level 7. HP: 46/57 MP: 7/7
  3523 | D:5      | Found a shadowy altar of Dithmenos.
  3523 | D:5      | Found a sacrificial altar of Ru.
  3526 | D:5      | Identified a +0 robe
  3650 | D:5      | Identified a +0 giant club
  3663 | D:5      | Reached skill level 6 in Fighting
  3663 | D:5      | Reached skill level 7 in Polearms
  3670 | D:5      | Identified a +0 spear
  3780 | D:5      | Identified a +0 spear
  3786 | D:5      | Reached skill level 4 in Dodging
  3872 | D:5      | Reached ** piety under Zin
  3899 | D:5      | Identified a +0 flail
  3917 | D:5      | Identified a +0 flail
  3917 | D:5      | Identified a +1 halberd of chopping
  3918 | D:5      | Identified a +0 halberd
  3936 | D:5      | Identified a +0 club
  3938 | D:5      | Identified a cursed -2 whip
  3938 | D:5      | Identified a +0 club
  3940 | D:5      | Identified a +0 dagger
  3940 | D:5      | Identified a +0 leather armour
  3942 | D:5      | Identified a +0 dagger
  4019 | D:5      | Identified a +0 flail
  4020 | D:5      | Identified a +0 flail
  4142 | D:5      | Identified a +0 whip
  4142 | D:5      | Identified a +0 giant club
  4142 | D:5      | Identified a +0 whip
  4142 | D:5      | Identified a +2 flail of holy wrath
  4142 | D:5      | Identified a +0 spear
  4142 | D:5      | Identified a +0 spear
  4142 | D:5      | Identified a +0 spear
  4142 | D:5      | Identified a +0 club
  4142 | D:5      | Identified a +0 leather armour
  4142 | D:5      | Identified a +0 club
  4142 | D:5      | Identified a +0 leather armour
  4142 | D:5      | Identified a +0 whip
  4142 | D:5      | Identified a +1 flail of holy wrath
  4145 | D:5      | Identified a +0 whip
  4148 | D:5      | Identified a +0 spear
  4153 | D:5      | Reached XP level 8. HP: 51/65 MP: 8/8
  4156 | D:5      | Identified a +0 whip
  4168 | D:5      | Identified a +0 club
  4175 | D:5      | Reached skill level 8 in Polearms
  4185 | D:5      | Identified a +0 spear
  4260 | D:5      | Identified a +0 spear
  4265 | D:5      | Identified a +0 spear
  4484 | D:5      | Identified 2 potions of curing
  4485 | D:5      | Identified 2 potions of ambrosia
  4505 | D:5      | Identified a +0 short sword
  4516 | D:5      | Identified a +0 spear
  4800 | D:5      | Reached skill level 7 in Fighting
  4819 | D:5      | Reached *** piety under Zin
  4839 | D:5      | Identified a +0 whip
  4839 | D:5      | Identified a +0 spear
  4851 | D:5      | Identified a +0 flail
  4851 | D:5      | Identified a +0 flail
  4851 | D:5      | Identified a +0 club
  4864 | D:5      | Reached skill level 5 in Dodging
  4876 | D:5      | Identified a +0 spear
  4876 | D:5      | Identified a +0 halberd
  4928 | D:5      | Identified a +0 club
  4928 | D:5      | Identified a +0 whip
  4929 | D:5      | Identified a +0 flail
  4929 | D:5      | Identified a +0 spear
  4929 | D:5      | Identified a +0 flail
  5018 | D:5      | Identified a +0 club
  5238 | D:6      | Identified a +0 hand axe
  5238 | D:6      | Identified a +0 robe
  5240 | D:6      | Identified a +0 trident
  5240 | D:6      | Identified a +0 robe
  5242 | D:6      | Identified a +0 flail
  5242 | D:6      | Identified a +0 robe
  5251 | D:6      | Reached skill level 9 in Polearms
  5399 | D:6      | Identified a +3 great sword
  5399 | D:6      | Identified a +0 robe
  5456 | D:6      | Reached skill level 4 in Armour
  5642 | D:6      | Identified a +0 giant club
  5651 | D:6      | Reached XP level 9. HP: 63/74 MP: 9/9
  5922 | D:6      | Reached **** piety under Zin
  6122 | D:7      | Identified a +0 war axe
  6122 | D:7      | Identified a +0 chain mail
  6128 | D:7      | Identified a cursed +0 dagger
  6128 | D:7      | Identified a +0 robe
  6130 | D:7      | Reached skill level 8 in Fighting
  6181 | D:7      | Identified a +0 dagger
  6181 | D:7      | Identified a +0 robe
  6219 | D:7      | Reached skill level 10 in Polearms
  6220 | D:7      | Identified an amulet of reflection (You found it on level 6
                  | of the Dungeon)
  6228 | D:7      | Identified a +0 club
  6235 | D:7      | Identified a +3 dagger of speed
  6235 | D:7      | Identified a +0 robe
  6235 | D:7      | Identified a +0 trident
  6236 | D:7      | Identified a +0 chain mail
  6243 | D:7      | Reached skill level 6 in Dodging
  6346 | D:7      | Identified a +0 dagger
  6346 | D:7      | Identified a +0 robe
  6347 | D:7      | Identified a +0 scale mail
  6353 | D:7      | Identified a +3 mace of protection
  6411 | D:7      | Identified a +0 falchion
  6505 | D:7      | Identified a +0 hand axe
  6515 | D:7      | Identified a +0 dagger
  6515 | D:7      | Identified a +0 robe
  6523 | D:7      | Reached skill level 1 in Invocations
  6690 | D:7      | Identified a +0 long sword
  6690 | D:7      | Identified a +0 chain mail
  6690 | D:7      | Noticed Harold
  6713 | D:7      | Killed Harold
  6713 | D:7      | Reached skill level 9 in Fighting
  6713 | D:7      | Reached skill level 11 in Polearms
  6713 | D:7      | Reached skill level 3 in Invocations
  6730 | D:7      | Identified a +0 dagger
  6730 | D:7      | Identified a +0 ring mail
  6732 | D:7      | Identified a +0 dagger
  6732 | D:7      | Identified a +0 robe
  6736 | D:7      | Identified a +0 dagger
  6736 | D:7      | Identified a +0 robe
  6738 | D:7      | Identified a +0 dagger
  6739 | D:7      | Reached XP level 10. HP: 51/83 MP: 12/12
  7071 | D:7      | Reached skill level 7 in Dodging
  7083 | D:7      | Identified a +0 pair of boots (You found it on level 7 of
                  | the Dungeon)
  7436 | D:8      | Reached skill level 4 in Invocations
  7621 | D:8      | Identified a +0 dagger
  7621 | D:8      | Identified a +0 hand crossbow
  7623 | D:8      | Identified a +0 dagger
  7623 | D:8      | Identified a cursed +0 robe
  7638 | D:8      | Identified a cursed -2 short sword
  7754 | D:8      | Identified a +0 dagger
  7758 | D:8      | Identified a +0 dagger
  7758 | D:8      | Identified a +0 robe
  8052 | D:8      | Identified a +0 shortbow
  8087 | D:9      | Found a staircase to the Lair.
  8117 | D:9      | Noticed an ice dragon
  8150 | D:9      | HP: 14/83 [ice dragon (8)]
  8151 | D:9      | Killed an ice dragon
  8470 | D:9      | Found a runed translucent gate.
  8471 | D:9      | Found a runed translucent gate.
  8471 | D:9      | Found a runed translucent gate.
  8471 | D:9      | Identified a +0 dagger
  8471 | D:9      | Identified a +0 robe
  8471 | D:9      | Noticed a kobold demonologist
  8471 | D:9      | Identified a +0 dagger
  8471 | D:9      | Identified a +0 short sword
  8471 | D:9      | Identified a +0 club
  8472 | D:9      | Noticed Xiguana's ghost (novice OgVM)
  8472 | D:9      | Identified a +0 dagger
  8472 | D:9      | Identified a +0 dagger
  8472 | D:9      | Identified a +3 dagger of distortion
  8473 | D:9      | Identified the +6 dagger of Ointment {venom, Int+4 SInv}
  8473 | D:9      | Identified a +0 dagger
  8473 | D:9      | Identified a +0 robe
  8473 | D:9      | Noticed a kobold demonologist
  8474 | D:9      | Identified a +1 short sword of distortion
  8475 | D:9      | Identified a +0 whip
  8494 | D:9      | Reached skill level 5 in Armour
  8498 | D:9      | Reached skill level 5 in Invocations
  8510 | D:9      | Reached skill level 12 in Polearms
  8565 | D:9      | Identified a +0 mace
  8565 | D:9      | Identified a +0 dagger
  8565 | D:9      | Identified a +0 robe
  8567 | D:9      | Identified a +0 hand axe
  8567 | D:9      | Identified a +0 ring mail
  8630 | D:9      | Identified a +0 giant spiked club
  8630 | D:9      | Identified a +0 giant club
  8630 | D:9      | Noticed a two-headed ogre
  8638 | D:9      | Killed a two-headed ogre
  8638 | D:9      | Reached skill level 10 in Fighting
  8756 | D:9      | Identified a +0 shortbow
  8756 | D:9      | Identified a +0 giant club
  8766 | D:9      | Reached skill level 8 in Dodging
  8768 | D:9      | Reached skill level 6 in Invocations
  8768 | D:9      | Reached XP level 11. HP: 87/91 MP: 15/15
  8851 | D:9      | Identified a +0 cloak (You found it on level 9 of the
                  | Dungeon)
  8856 | D:9      | Identified a +0 dagger
  8905 | D:9      | Identified a +0 hand axe
  8913 | D:9      | Found a blossoming altar of Fedhas.
  8963 | D:9      | Reached ***** piety under Zin
  8984 | D:9      | Identified a +0 troll leather armour
  9217 | D:9      | Identified a +0 hand axe
  9250 | D:9      | Identified a +0 scimitar
  9250 | D:9      | Identified a +0 plate armour
  9458 | D:9      | Found an ancient bone altar of Kikubaaqudgha.
  9458 | D:9      | Found a blossoming altar of Fedhas.
  9517 | D:9      | Identified a +0 giant club
  9517 | D:9      | Identified a +0 dire flail
  9517 | D:9      | Noticed a two-headed ogre
  9526 | D:9      | Killed a two-headed ogre
  9526 | D:9      | Reached skill level 13 in Polearms
  9537 | D:9      | Identified an amulet of harm (You found it on level 9 of
                  | the Dungeon)
  9691 | D:9      | Identified a +0 dire flail
  9691 | D:9      | Identified a cursed +0 chain mail
  9693 | D:9      | Identified a +0 short sword of venom
  9694 | D:9      | Identified a cursed +0 dagger
  9694 | D:9      | Identified a +0 robe
  9698 | D:9      | Identified a +0 dagger
  9698 | D:9      | Identified a +0 leather armour
  9721 | D:9      | Reached skill level 7 in Invocations
  9860 | D:9      | Found an iron altar of Okawaru.
 10021 | D:9      | Identified a +1 hand axe of venom
 10021 | D:9      | Identified a +0 shortbow
 10130 | D:9      | Donated 307 gold pieces to Zin
 10520 | D:9      | Reached skill level 11 in Fighting
 11164 | D:9      | Found a blossoming altar of Fedhas.
 11278 | D:9      | Killed Xiguana's ghost
 11306 | D:9      | Found an ancient bone altar of Kikubaaqudgha.
 11306 | D:9      | Found a blossoming altar of Fedhas.
 11623 | D:9      | Found a staircase to the Lair.
 11636 | D:9      | Found an iron altar of Okawaru.
 11855 | D:9      | Identified 4 potions of mutation
 11857 | D:9      | Identified 3 potions of berserk rage
 11858 | D:9      | Identified 3 potions of lignification
 11863 | Lair:1   | Entered Level 1 of the Lair of Beasts
 11899 | Lair:1   | Reached skill level 9 in Dodging
 11935 | Lair:1   | Noticed a five-headed hydra
 11944 | Lair:1   | Identified a +0 trident
 12244 | Lair:1   | Killed a seven-headed hydra
 12505 | Lair:1   | Reached skill level 8 in Invocations
 12567 | Lair:1   | Identified a +0 hat
 12567 | Lair:1   | Noticed Gastronok
 12583 | Lair:1   | Killed Gastronok
 12583 | Lair:1   | Reached skill level 14 in Polearms
 12583 | Lair:1   | Reached skill level 6 in Armour
 12583 | Lair:1   | Reached XP level 12. HP: 85/100 MP: 18/18
 12745 | Lair:1   | HP: 24/101 [blink frog (9)]
 12746 | Lair:1   | HP: 6/101 [blink frog (9)]
 12747 | Lair:1   | Identified 2 potions of agility
 12748 | Lair:1   | Identified 2 potions of cancellation
 12748 | Lair:1   | Zin protects you from harm!
 12748 | Lair:1   | Slain by a blink frog

Table legend:
 A = Turns spent in this place as a percentage of turns spent in the entire game.
 B = Non-inter-level travel turns spent in this place as a percentage of non-inter-level travel turns spent in the entire game.
 C = Inter-level travel turns spent in this place as a percentage of turns spent in this place.
 D = Turns resting spent in this place as a percentage of non-inter-level travel turns spent in this place.
 E = Turns spent auto-exploring this place as a percentage of non-inter-level travel turns spent in this place.
 F = Non-inter-level travel turns spent in this place divided by the number of levels of this place that you've seen.
                   A       B       C       D       E      F
               +-------+-------+-------+-------+-------+----------------------
         Total | 100.0 | 100.0 |   4.0 |  29.5 |  48.5 | 1112.7
       Dungeon |  94.3 |  94.1 |   4.2 |  28.8 |  49.3 | 1280.0
        Temple |   0.8 |   0.8 |   8.3 |   0.0 |  75.8 |  99.0
          Lair |   4.9 |   5.1 |   0.0 |  47.3 |  29.5 | 621.0
               +-------+-------+-------+-------+-------+----------------------

Table legend:
 A = Kills in this place as a percentage of kills in entire the game.
 B = Kills by you in this place as a percentage of kills by you in the entire game.
 C = Kills by friends in this place as a percentage of kills by friends in the entire game.
 D = Other kills in this place as a percentage of other kills in the entire game.
 E = Experience gained in this place as a percentage of experience gained in the entire game.
 F = Experience gained in this place divided by the number of levels of this place that you have seen.
                   A       B       C       D       E      F
               +-------+-------+-------+-------+-------+----------------------
         Total | 100.0 | 100.0 |   N/A | 100.0 | 100.0 | 1906.3
       Dungeon |  96.5 |  96.5 |   N/A | 100.0 |  77.7 | 1810.3
          Lair |   3.5 |   3.5 |   N/A |   0.0 |  22.3 | 4676.0
               +-------+-------+-------+-------+-------+----------------------

Skill      XL: |  1  2  3  4  5  6  7  8  9 10 11 |
---------------+----------------------------------+-----
Dodging        | 1 2 3 4 5 6 8 9 |  9.4
Polearms       | 4 5 6 7 9 11 12 14 | 14.3
Fighting       | 4 5 6 7 9 10 11 | 11.7
Armour         | 3 4 5 6 |  6.0
Invocations    | 3 6 8 |  8.5
Shields        | |  3.0

Action                   |  1- 3 |  4- 6 |  7- 9 | 10-12 || total
-------------------------+-------+-------+-------+-------++-------
Melee: Trident           |   126 |   148 |   246 |    15 ||   535
       Halberd           |       |       |   231 |   496 ||   727
Throw: Dart              |       |    10 |   104 |   105 ||   219
       Boomerang         |       |       |     1 |     4 ||     5
       Throwing net      |       |       |       |     1 ||     1
Invok: Recite            |       |       |     1 |     1 ||     2
       Vitalisation      |       |       |       |     6 ||     6
       Donate Gold       |       |       |       |     1 ||     1
  Use: Scroll            |       |     7 |     3 |     6 ||    16
       Potion            |       |       |     1 |     3 ||     4
 Stab: Distracted        |       |       |     1 |     1 ||     2
  Eat: Chunk             |       |     4 |     2 |     7 ||    13
       Ration            |       |     2 |     2 |     4 ||     8
Armor: Scale mail        |    50 |    58 |   128 |    75 ||   311
       Chain mail        |       |       |       |   123 ||   123
Dodge: Dodged            |    32 |    49 |   168 |   306 ||   555
Block: Shield            |    52 |    66 |   116 |       ||   234
       Other             |       |       |       |    51 ||    51
       Reflection        |       |       |       |     4 ||     4

Vanquished Creatures
  Gastronok (Lair:1)
  Harold (D:7)
  An ice dragon (D:9)
  A hydra (Lair:1)
  2 two-headed ogres (D:9)
  The ghost of Xiguana the Fighter, a novice OgVM of Cheibriados (D:9)
  A black mamba (Lair:1)
  A kobold demonologist (D:9)
  A meliai (shapeshifter) (D:9)
  A troll (D:9)
  A queen bee (D:9)
  A blink frog (Lair:1)
  2 hippogriffs (D:9)
  2 wyverns (D:9)
  A shadow (D:9)
  A vampire mosquito (D:9)
  A water moccasin (Lair:1)
  4 ice beasts
  2 black bears
  2 eyes of draining (D:9)
  A sky beast (D:8)
  3 orc warriors
  5 ogres
  5 wolves (Lair:1)
  4 centaurs
  9 big kobolds (D:9)
  6 bullfrogs
  A wyvern zombie (D:7)
  A wyvern skeleton (D:7)
  A scorpion (D:9)
  21 killer bees
  4 wights (D:6)
  A howler monkey (D:6)
  5 crimson imps
  A quasit (D:8)
  3 bullfrog zombies
  7 hounds
  4 orc priests
  2 gnoll shamans (D:5)
  2 bullfrog skeletons
  A centaur skeleton (D:5)
  4 iguanas
  11 orc wizards
  7 worker ants
  A hound skeleton (D:4)
  A worker ant zombie (D:6)
  47 gnolls (D:5)
  9 adders
  2 shadow imps
  An ooze (D:5)
  4 worms
  5 dart slugs
  4 leopard geckos
  30 orcs
  5 bats
  3 giant cockroaches
  9 goblins
  4 hobgoblins
  32 jackals
  6 kobolds
  4 quokkas
  4 frilled lizards
  A quokka skeleton (D:5)
  A quokka zombie (D:9)
  5 rats
315 creatures vanquished.

Vanquished Creatures (others)
  A kobold demonologist (D:9)
  6 fungi
  4 plants
11 creatures vanquished.

Grand Total: 326 creatures vanquished
